| TOP OF THE 1ST |
|
Minnesota (NYP) Twins batting - Pitching for Tri-City ValleyCats : RHP Scott Spillman
|
|
Pitching: RHP Scott Spillman
|
|
|
Batting: RHB John Dew
|
0-0: Called Strike 0-1: Ball 1-1: Foul Ball, location: 2F 1-2: Ball 2-2: Fly out, F9 (Flyball, 89S, EV 75.6 MPH)
|
|
Batting: RHB David Nardone
|
0-0: Ground out 3-1 (Groundball, 34, EV 104.4 MPH)
|
|
Batting: RHB Michael McDonald
|
0-0: Ball 1-0: Ball 2-0: Foul Ball, location: 2F 2-1: Foul Ball, location: 2F 2-2: Strikes out swinging
|
| Top of the 1st over - 0 runs, 0 hits, 0 errors, 0 left on base; Minnesota (NYP) 0 - Tri-City 0 |
| BOTTOM OF THE 1ST |
|
Tri-City ValleyCats batting - Pitching for Minnesota (NYP) Twins : RHP Regan Kalinski
|
|
Pitching: RHP Regan Kalinski
|
|
|
Batting: RHB Chris McGrath
|
0-0: Foul Ball, location: 2F 0-1: Ball 1-1: Ball 2-1: Ball 3-1: Foul Ball, location: 2F 3-2: Foul Ball, location: 2F 3-2: Strikes out swinging
|
|
Batting: RHB Drew Coleman
|
0-0: Called Strike 0-1: Ball 1-1: Called Strike 1-2: Strikes out swinging
|
|
Batting: RHB Andrew Pride
|
0-0: Ball 1-0: Called Strike 1-1: Foul Ball, location: 2F 1-2: Ball 2-2: SINGLE (Line Drive, 56D, EV 96.2 MPH)
|
|
Batting: SHB Chris Keziah
|
0-0: Called Strike Andrew Pride steals 2nd base 0-1: Ground out 1-3 (Groundball, 34S, EV 75.0 MPH)
|
| Bottom of the 1st over - 0 runs, 1 hit, 0 errors, 1 left on base; Minnesota (NYP) 0 - Tri-City 0 |
| TOP OF THE 2ND |
|
Minnesota (NYP) Twins batting - Pitching for Tri-City ValleyCats : RHP Scott Spillman
|
|
Batting: LHB Kuemon Shishido
|
0-0: Called Strike 0-1: Ground out 5-3 (Groundball, 6, EV 108.8 MPH)
|
|
Batting: RHB Nick Phipps
|
0-0: Ball 1-0: Ball 2-0: Foul Ball, location: 2F 2-1: Ground out 5-3 (Groundball, 56, EV 84.4 MPH)
|
|
Batting: RHB Jose Gracia
|
0-0: Foul Ball, location: 2F 0-1: Ball 1-1: Ball 2-1: SOLO HOME RUN (Flyball, 7D, EV 97.5 MPH), Distance : 366 ft
|
|
Batting: RHB Antonio Santos
|
0-0: Called Strike 0-1: Ground out 6-3 (Groundball, 6, EV 86.9 MPH)
|
| Top of the 2nd over - 1 run, 1 hit, 0 errors, 0 left on base; Minnesota (NYP) 1 - Tri-City 0 |
| BOTTOM OF THE 2ND |
|
Tri-City ValleyCats batting - Pitching for Minnesota (NYP) Twins : RHP Regan Kalinski
|
|
Batting: LHB Lou Toth
|
0-0: Ball 1-0: Ball 2-0: Called Strike 2-1: Foul Ball, location: 2F 2-2: Foul Ball, location: 2F 2-2: Foul Ball, location: 2F 2-2: Strikes out swinging
|
|
Batting: RHB Alex Campos
|
0-0: Swinging Strike 0-1: Ball 1-1: Foul Ball, location: 2F 1-2: Foul Ball, location: 2F 1-2: Strikes out swinging
|
|
Batting: LHB Jackson Trottier
|
0-0: Hit by Pitch
|
|
Batting: RHB Nate Britton
|
0-0: Ball 1-0: Ball Jackson Trottier steals 2nd base 2-0: Called Strike 2-1: Foul Ball, location: 2F 2-2: Ball 3-2: Foul Ball, location: 2F 3-2: Ground out 5-3 (Groundball, 56S, EV 88.8 MPH)
|
| Bottom of the 2nd over - 0 runs, 0 hits, 0 errors, 1 left on base; Minnesota (NYP) 1 - Tri-City 0 |
| TOP OF THE 3RD |
|
Minnesota (NYP) Twins batting - Pitching for Tri-City ValleyCats : RHP Scott Spillman
|
|
Batting: RHB Jimmy Mayville
|
0-0: Foul Ball, location: 2F 0-1: SINGLE (Groundball, 6MD, EV 97.5 MPH)
|
|
Batting: RHB Dave Berry
|
0-0: Ball 1-0: Ball 2-0: Ball 3-0: Base on Balls Jimmy Mayville to second
|
|
Batting: RHB John Dew
|
Balk! Jimmy Mayville to third Dave Berry to second 0-0: Called Strike 0-1: Ball 1-1: Ball 2-1: Ball 3-1: Foul Ball, location: 2F 3-2: SINGLE (Flyball, 6MD, EV 87.5 MPH) Jimmy Mayville scores Dave Berry to third
|
|
Batting: RHB David Nardone
|
0-0: Ball 1-0: SINGLE (Line Drive, 6MD, EV 109.4 MPH) Dave Berry scores John Dew to second
|
|
Batting: RHB Michael McDonald
|
0-0: Ball 1-0: Foul Ball, location: 2F 1-1: Ball 2-1: Ball 3-1: Base on Balls John Dew to third David Nardone to second
|
|
Batting: LHB Kuemon Shishido
|
0-0: Ball 1-0: Ball 2-0: Swinging Strike 2-1: SINGLE (Groundball, 34D, EV 98.8 MPH) John Dew scores David Nardone to third Michael McDonald to second
|
|
Batting: RHB Nick Phipps
|
0-0: Called Strike 0-1: Ball 1-1: Ball 2-1: SINGLE (Groundball, 6D, EV 105.0 MPH) David Nardone scores Michael McDonald to third Kuemon Shishido to second Runner from 3rd tries for Home, SAFE, throw by CF to home
|
|
Pitching: LHP Ruben Rojas
|
|
|
Batting: RHB Jose Gracia
|
0-0: Ball 1-0: Ball 2-0: Ball 3-0: Called Strike 3-1: Base on Balls Kuemon Shishido to third Nick Phipps to second
|
|
Batting: RHB Antonio Santos
|
0-0: Foul Ball, location: 2F 0-1: Swinging Strike 0-2: Ball 1-2: Strikes out swinging
|
|
Batting: RHB Jimmy Mayville
|
0-0: Ball 1-0: Ball 2-0: Foul Ball, location: 2F 2-1: SINGLE (Groundball, 4S, EV 68.8 MPH) (infield hit) Kuemon Shishido scores Nick Phipps to third Jose Gracia to second
|
|
Batting: RHB Dave Berry
|
0-0: Ball 1-0: Called Strike 1-1: Swinging Strike 1-2: Strikes out swinging
|
|
Batting: RHB John Dew
|
0-0: Swinging Strike 0-1: Swinging Strike 0-2: Ball 1-2: Strikes out looking
|
| Top of the 3rd over - 6 runs, 6 hits, 0 errors, 3 left on base; Minnesota (NYP) 7 - Tri-City 0 |
| BOTTOM OF THE 3RD |
|
Tri-City ValleyCats batting - Pitching for Minnesota (NYP) Twins : RHP Regan Kalinski
|
|
Batting: RHB To-wai Chen
|
0-0: Called Strike 0-1: Called Strike 0-2: Ball 1-2: Strikes out swinging
|
|
Batting: RHB Chris McGrath
|
0-0: Called Strike 0-1: Foul Ball, location: 2F 0-2: Ball 1-2: Ball 2-2: Strikes out swinging
|
|
Batting: RHB Drew Coleman
|
0-0: Ball 1-0: Ground out 5-3 (Groundball, 56, EV 86.2 MPH)
|
| Bottom of the 3rd over - 0 runs, 0 hits, 0 errors, 0 left on base; Minnesota (NYP) 7 - Tri-City 0 |
| TOP OF THE 4TH |
|
Minnesota (NYP) Twins batting - Pitching for Tri-City ValleyCats : LHP Ruben Rojas
|
|
Batting: RHB David Nardone
|
0-0: Ball 1-0: Ball 2-0: Called Strike 2-1: Foul Ball, location: 2F 2-2: Foul Ball, location: 2F 2-2: SINGLE (Groundball, 4M, EV 92.5 MPH) (infield hit)
|
|
Batting: RHB Michael McDonald
|
0-0: Ball 1-0: Called Strike 1-1: Ball 2-1: SINGLE (Flyball, 8RS, EV 88.1 MPH) David Nardone to second
|
|
Batting: LHB Kuemon Shishido
|
0-0: Ball 1-0: Ball 2-0: Swinging Strike 2-1: Ball 3-1: Base on Balls David Nardone to third Michael McDonald to second
|
|
Batting: RHB Nick Phipps
|
0-0: Foul Ball, location: 2F 0-1: Ball 1-1: Foul Ball, location: 2F 1-2: Ball 2-2: Foul Ball, location: 2F 2-2: Ball 3-2: Foul Ball, location: 2F 3-2: Fielders Choice at 2nd, 5-4 (Groundball, 5, EV 84.4 MPH) David Nardone scores Michael McDonald to third
|
|
Batting: RHB Jose Gracia
|
0-0: SINGLE (Groundball, 6D, EV 106.2 MPH) Michael McDonald scores Nick Phipps to second
|
|
Batting: RHB Antonio Santos
|
0-0: Ball 1-0: Ball 2-0: Foul Ball, location: 2F 2-1: Ball 3-1: Swinging Strike 3-2: Strikes out swinging
|
|
Batting: RHB Jimmy Mayville
|
0-0: Called Strike 0-1: Swinging Strike 0-2: Ball 1-2: Foul Ball, location: 2F 1-2: Ball 2-2: Foul Ball, location: 2F 2-2: Fielders Choice at 2nd, 6-4 (Groundball, 6, EV 107.5 MPH)
|
| Top of the 4th over - 2 runs, 3 hits, 0 errors, 2 left on base; Minnesota (NYP) 9 - Tri-City 0 |
| BOTTOM OF THE 4TH |
|
Tri-City ValleyCats batting - Pitching for Minnesota (NYP) Twins : RHP Regan Kalinski
|
|
Batting: RHB Andrew Pride
|
0-0: Called Strike 0-1: Ball 1-1: Foul Ball, location: 2F 1-2: Ball 2-2: Fly out, F4 (Popup, 4M, EV 58.1 MPH)
|
|
Batting: SHB Chris Keziah
|
0-0: Ball 1-0: Ball 2-0: Ball 3-0: Base on Balls
|
|
Batting: LHB Lou Toth
|
0-0: Ball 1-0: Ball Chris Keziah steals 2nd base 2-0: Fly out, F8 (Flyball, 8LD, EV 103.1 MPH)
|
|
Batting: RHB Alex Campos
|
0-0: Ball Wild Pitch! Chris Keziah to third 1-0: Ball 2-0: Hit by Pitch
|
|
Batting: LHB Jackson Trottier
|
0-0: Ball 1-0: Foul Ball, location: 2F 1-1: Foul Ball, location: 2F 1-2: Ball Balk! Chris Keziah scores Alex Campos to second 2-2: Foul Ball, location: 2F 2-2: Strikes out swinging
|
| Bottom of the 4th over - 1 run, 0 hits, 0 errors, 1 left on base; Minnesota (NYP) 9 - Tri-City 1 |
| TOP OF THE 5TH |
|
Minnesota (NYP) Twins batting - Pitching for Tri-City ValleyCats : LHP Ruben Rojas
|
|
Pitching: RHP Arsène Serre
|
|
|
Batting: RHB Dave Berry
|
0-0: Called Strike 0-1: Ball 1-1: Ball 2-1: Foul Ball, location: 2F 2-2: Foul Ball, location: 2F 2-2: Ball 3-2: Foul Ball, location: 2F 3-2: DOUBLE (Flyball, 8RXD, EV 106.9 MPH)
|
|
Batting: RHB John Dew
|
0-0: Called Strike 0-1: Ball 1-1: Ball 2-1: Foul Ball, location: 2F 2-2: Foul Ball, location: 2F 2-2: Foul Ball, location: 2F 2-2: Ground out 5-3 (Groundball, 56S, EV 76.2 MPH)
|
|
Batting: RHB David Nardone
|
0-0: Ball 1-0: Foul Ball, location: 2F 1-1: Ball 2-1: Ball 3-1: Foul Ball, location: 2F 3-2: DOUBLE (Line Drive, 8LD, EV 106.9 MPH) Dave Berry scores
|
|
Pitching: RHP Chris Miles
|
|
|
Batting: RHB Michael McDonald
|
0-0: Foul Ball, location: 2F 0-1: SINGLE (Groundball, 34D, EV 106.9 MPH) David Nardone to third
|
|
Batting: LHB Kuemon Shishido
|
0-0: Ball 1-0: Foul Ball, location: 2F 1-1: SINGLE (Flyball, 4MD, EV 90.6 MPH) David Nardone scores Michael McDonald to second
|
|
Batting: RHB Nick Phipps
|
0-0: Ball 1-0: Ball 2-0: Foul Ball, location: 2F 2-1: Foul Ball, location: 2F 2-2: Hit by Pitch Michael McDonald to third Kuemon Shishido to second
|
|
Batting: RHB Jose Gracia
|
0-0: Foul Ball, location: 2F 0-1: Ball 1-1: Called Strike 1-2: Foul Ball, location: 2F 1-2: Fly out, F8 (Line Drive, 89M, EV 96.2 MPH)
|
|
Batting: RHB Antonio Santos
|
0-0: Fly out, F8 (Flyball, 8LD, EV 98.8 MPH)
|
| Top of the 5th over - 2 runs, 4 hits, 0 errors, 3 left on base; Minnesota (NYP) 11 - Tri-City 1 |
| BOTTOM OF THE 5TH |
|
Tri-City ValleyCats batting - Pitching for Minnesota (NYP) Twins : RHP Regan Kalinski
|
|
Batting: RHB Nate Britton
|
0-0: Ball 1-0: Ball 2-0: Ball 3-0: Called Strike 3-1: Foul Ball, location: 2F 3-2: Strikes out swinging
|
|
Batting: RHB To-wai Chen
|
0-0: Foul Ball, location: 2F 0-1: Foul Ball, location: 2F 0-2: Ball 1-2: Foul Ball, location: 2F 1-2: Strikes out swinging
|
|
Batting: RHB Chris McGrath
|
0-0: Called Strike 0-1: Ball 1-1: Foul Ball, location: 2F 1-2: Strikes out swinging
|
| Bottom of the 5th over - 0 runs, 0 hits, 0 errors, 0 left on base; Minnesota (NYP) 11 - Tri-City 1 |
| TOP OF THE 6TH |
|
Minnesota (NYP) Twins batting - Pitching for Tri-City ValleyCats : RHP Chris Miles
|
|
Batting: RHB Jimmy Mayville
|
0-0: SINGLE (Groundball, 4MD, EV 94.4 MPH)
|
|
Batting: RHB Dave Berry
|
0-0: Called Strike 0-1: Foul Ball, location: 2F 0-2: Strikes out swinging
|
|
Pitching: RHP Jaquan Alston
|
|
|
Batting: RHB John Dew
|
0-0: Ball Wild Pitch! Jimmy Mayville to second 1-0: Ball 2-0: Ball 3-0: Base on Balls
|
|
Batting: RHB David Nardone
|
0-0: Ball 1-0: Fielders Choice at 2nd, 5-4 (Groundball, 5, EV 83.1 MPH) Jimmy Mayville to third
|
|
Batting: RHB Michael McDonald
|
0-0: Ball 1-0: Ball 2-0: Called Strike 2-1: Ball 3-1: Fly out, F9 (Flyball, 9LM, EV 87.5 MPH)
|
| Top of the 6th over - 0 runs, 1 hit, 0 errors, 2 left on base; Minnesota (NYP) 11 - Tri-City 1 |
| BOTTOM OF THE 6TH |
|
Tri-City ValleyCats batting - Pitching for Minnesota (NYP) Twins : RHP Regan Kalinski
|
|
Batting: RHB Drew Coleman
|
0-0: Ball 1-0: Foul Ball, location: 2F 1-1: Swinging Strike 1-2: Strikes out swinging
|
|
Batting: RHB Andrew Pride
|
0-0: Called Strike 0-1: Swinging Strike 0-2: Strikes out swinging
|
|
Batting: SHB Chris Keziah
|
0-0: Foul Ball, location: 2F 0-1: Ball 1-1: Ball 2-1: Foul Ball, location: 2F 2-2: Ball 3-2: Base on Balls
|
|
Batting: LHB Lou Toth
|
0-0: Ball Chris Keziah steals 2nd base 1-0: Ball 2-0: Swinging Strike 2-1: Ball 3-1: Base on Balls
|
|
Batting: RHB Alex Campos
|
0-0: Foul Ball, location: 2F 0-1: Swinging Strike 0-2: Ball 1-2: Fly out, F9 (Flyball, 9, EV 90.6 MPH)
|
| Bottom of the 6th over - 0 runs, 0 hits, 0 errors, 2 left on base; Minnesota (NYP) 11 - Tri-City 1 |
| TOP OF THE 7TH |
|
Minnesota (NYP) Twins batting - Pitching for Tri-City ValleyCats : RHP Jaquan Alston
|
|
Batting: LHB Kuemon Shishido
|
0-0: Ball 1-0: Foul Ball, location: 2F 1-1: Ground out 4-3 (Groundball, 4, EV 101.9 MPH)
|
|
Batting: RHB Nick Phipps
|
0-0: Ball 1-0: Ball 2-0: Called Strike 2-1: Called Strike 2-2: Ball 3-2: Foul Ball, location: 2F 3-2: Strikes out swinging
|
|
Pinch Hitting: RHB Rick Kendall
|
0-0: Ball 1-0: Fly out, F4 (Popup, 4D, EV 53.8 MPH)
|
| Top of the 7th over - 0 runs, 0 hits, 0 errors, 0 left on base; Minnesota (NYP) 11 - Tri-City 1 |
| BOTTOM OF THE 7TH |
|
Tri-City ValleyCats batting - Pitching for Minnesota (NYP) Twins : RHP Regan Kalinski
|
|
Pitching: RHP Pat Adams
|
|
|
Now at SS: Manny Molina
|
|
|
Pinch Hitting: LHB Jon Pope
|
0-0: Foul Ball, location: 2F 0-1: Ball 1-1: SOLO HOME RUN (Flyball, 7D, EV 91.9 MPH), Distance : 360 ft
|
|
Batting: RHB Nate Britton
|
0-0: Foul Ball, location: 2F 0-1: Ball 1-1: Called Strike 1-2: Strikes out swinging
|
|
Batting: RHB To-wai Chen
|
0-0: Ball 1-0: Swinging Strike 1-1: SINGLE (Line Drive, 6D, EV 88.1 MPH)
|
|
Batting: RHB Chris McGrath
|
0-0: Called Strike 0-1: Foul Ball, location: 2F 0-2: Ball 1-2: Ball 2-2: Ball 3-2: Foul Ball, location: 2F 3-2: Base on Balls To-wai Chen to second
|
|
Batting: RHB Drew Coleman
|
0-0: Ball 1-0: Ball 2-0: Ball 3-0: Called Strike 3-1: Fly out, F9 (Flyball, 9, EV 87.5 MPH)
|
|
Batting: RHB Andrew Pride
|
0-0: Called Strike 0-1: Foul Ball, location: 2F 0-2: Fly out, F4 (Popup, 34D, EV 44.4 MPH)
|
| Bottom of the 7th over - 1 run, 2 hits, 0 errors, 2 left on base; Minnesota (NYP) 11 - Tri-City 2 |
| TOP OF THE 8TH |
|
Minnesota (NYP) Twins batting - Pitching for Tri-City ValleyCats : RHP Jaquan Alston
|
|
Now in RF: Jon Pope
|
|
|
Batting: RHB Antonio Santos
|
0-0: Ball 1-0: Ball 2-0: Ball 3-0: Called Strike 3-1: Base on Balls
|
|
Batting: RHB Jimmy Mayville
|
0-0: Ball 1-0: Ball 2-0: Ball 3-0: Base on Balls Antonio Santos to second
|
|
Batting: RHB Dave Berry
|
0-0: Called Strike 0-1: Ball 1-1: Ball Wild Pitch! Antonio Santos to third Jimmy Mayville to second 2-1: Foul Ball, location: 2F 2-2: Ball 3-2: Base on Balls
|
|
Batting: RHB John Dew
|
0-0: Ball 1-0: Swinging Strike 1-1: Called Strike 1-2: Ball 2-2: Strikes out looking
|
|
Pinch Hitting: RHB Steve Raine
|
0-0: Called Strike 0-1: Ball 1-1: Called Strike 1-2: Foul Ball, location: 2F 1-2: Ball 2-2: Ball 3-2: Base on Balls Antonio Santos scores Jimmy Mayville to third Dave Berry to second
|
|
Pitching: RHP Chris Miller
|
|
|
Batting: RHB Michael McDonald
|
0-0: SINGLE (Flyball, 8RS, EV 95.6 MPH) Jimmy Mayville scores Dave Berry to third Steve Raine to second
|
|
Batting: LHB Kuemon Shishido
|
0-0: Ball 1-0: Called Strike 1-1: GRAND SLAM HOME RUN (Flyball, 7D, EV 97.5 MPH), Distance : 366 ft
|
|
Batting: RHB Nick Phipps
|
0-0: Ground out 6-3 (Groundball, 6, EV 83.8 MPH)
|
|
Batting: SHB Manny Molina
|
0-0: Ball 1-0: Ball 2-0: SINGLE (Groundball, 4MS, EV 70.6 MPH) (infield hit)
|
|
Batting: RHB Antonio Santos
|
0-0: Ball 1-0: Swinging Strike 1-1: Called Strike 1-2: Ball 2-2: Strikes out looking
|
| Top of the 8th over - 6 runs, 3 hits, 0 errors, 1 left on base; Minnesota (NYP) 17 - Tri-City 2 |
| BOTTOM OF THE 8TH |
|
Tri-City ValleyCats batting - Pitching for Minnesota (NYP) Twins : RHP Pat Adams
|
|
Pitching: RHP Dean Huch
|
|
|
Now in RF: Steve Raine
|
|
|
Batting: SHB Chris Keziah
|
0-0: Ball 1-0: Ball 2-0: Ball 3-0: Called Strike 3-1: Foul Ball, location: 2F 3-2: Strikes out swinging
|
|
Batting: LHB Lou Toth
|
0-0: Ball 1-0: Ball 2-0: Ball 3-0: Called Strike 3-1: SINGLE (Flyball, 89M, EV 91.9 MPH)
|
|
Batting: RHB Alex Campos
|
0-0: Called Strike 0-1: Ball 1-1: Ball 2-1: Fly out, F8 (Flyball, 8LD, EV 94.4 MPH)
|
|
Batting: LHB Jon Pope
|
0-0: Called Strike 0-1: Ball 1-1: Ball 2-1: Foul Ball, location: 2F 2-2: Ball 3-2: Foul Ball, location: 2F 3-2: Foul Ball, location: 2F 3-2: Foul Ball, location: 2F 3-2: Ground out U3 (Groundball, 3, EV 83.8 MPH)
|
| Bottom of the 8th over - 0 runs, 1 hit, 0 errors, 1 left on base; Minnesota (NYP) 17 - Tri-City 2 |
| TOP OF THE 9TH |
|
Minnesota (NYP) Twins batting - Pitching for Tri-City ValleyCats : RHP Chris Miller
|
|
Batting: RHB Jimmy Mayville
|
0-0: Called Strike 0-1: Called Strike 0-2: Ball 1-2: Ball 2-2: Ground out 5-3 (Groundball, 56S, EV 83.8 MPH)
|
|
Batting: RHB Dave Berry
|
0-0: Ball 1-0: Ball 2-0: Called Strike 2-1: Swinging Strike 2-2: Strikes out swinging
|
|
Batting: RHB John Dew
|
0-0: Called Strike 0-1: Ball 1-1: Ball 2-1: Foul Ball, location: 2F 2-2: Foul Ball, location: 2F 2-2: Ground out 1-3 (Groundball, 13, EV 60.0 MPH)
|
| Top of the 9th over - 0 runs, 0 hits, 0 errors, 0 left on base; Minnesota (NYP) 17 - Tri-City 2 |
| BOTTOM OF THE 9TH |
|
Tri-City ValleyCats batting - Pitching for Minnesota (NYP) Twins : RHP Dean Huch
|
|
Batting: RHB Nate Britton
|
0-0: Ball 1-0: Ball 2-0: Foul Ball, location: 2F 2-1: Foul Ball, location: 2F 2-2: Ball 3-2: Ground out 3-1 (Groundball, 13, EV 89.4 MPH)
|
|
Batting: RHB To-wai Chen
|
0-0: Fly out, F8 (Flyball, 8RS, EV 81.2 MPH)
|
|
Batting: RHB Chris McGrath
|
0-0: Called Strike 0-1: Ball 1-1: Fly out, F9 (Flyball, 89D, EV 94.4 MPH)
|
| Bottom of the 9th over - 0 runs, 0 hits, 0 errors, 0 left on base; Minnesota (NYP) 17 - Tri-City 2 |
|